 Dungeon Crawl Stone Soup version 0.28-a0-1404-g4df0f3684d (webtiles) character file.

Game seed: 10715485236443215254

3 snetch the Ducker (level 1, 0/10 HPs)
             Began as a Felid Berserker on Jan 5, 2022.
             Was a Follower of Trog.
             Slain by a hobgoblin (3 damage)
             ... on level 1 of the Dungeon.
             The game lasted 00:00:12 (63 turns).

snetch the Ducker (Felid Berserker)                   Turns: 63, Time: 00:00:13

Health: 0/10       AC:  1    Str: 13    XL:     1   Next: 41%
Magic:  2/2        EV: 18    Int:  8    God:    Trog [*.....]
Gold:   39         SH:  0    Dex: 15    Spells: 0/0 levels left
                                        Lives:  0   Deaths: 0

rFire   . . .      SeeInvis +     - Unarmed
rCold   . . .      Faith    .   (shield unavailable)
rNeg    . . .      Spirit   .   (armour unavailable)
rPois   .          Reflect  .   (helmet unavailable)
rElec   .          Harm     .   (cloak unavailable)
rCorr   .          Rampage  .   (gloves unavailable)
Will    .....                   (boots unavailable)
Stlth   +.........              (no amulet)
HPRegen 0.03/turn               (no ring)
MPRegen 0.08/turn               (no ring)

@: quick
A: very small, claws 1, fangs 3, see invisible, speed 1, shaggy fur 1, stealthy
paws, no weapons or thrown items, no armour, multi-lived
a: Renounce Religion, Berserk


You were on level 1 of the Dungeon.
You worshipped Trog.
Trog was aware of your devotion.
You visited 1 branch of the dungeon, and saw 1 of its levels.

You collected 39 gold pieces.

Inventory:

Scrolls
 a - a scroll of blinking {unknown}


   Skills:
 + Level 3.0 Fighting
 + Level 4.1 Dodging
 + Level 3.0 Unarmed Combat


You couldn't memorise any spells.
You didn't know any spells.
Your spell library was empty.

Dungeon Overview and Level Annotations

Branches:
Dungeon (1/15)

Altars:


Innate Abilities, Weirdness & Mutations

You have sharp claws.
You have razor-sharp teeth.
You have supernaturally acute eyesight. (SInv)
You cover ground quickly. (Speed+)
You are covered in fur. (AC +1)
Your paws help you pounce on unaware monsters.
You are incapable of wielding weapons or throwing items.
You cannot wear armour.
You gain extra lives every three experience levels.


Message History

Found a scroll labelled BAMNOA XAMISEO.
Found a staircase leading out of the dungeon.
a - a scroll labelled BAMNOA XAMISEO As you open the door, it creaks loudly!
There is an open door here.
You now have 18 gold pieces.
A quokka comes into view.
You barely miss the quokka. You bite the quokka.
The quokka is moderately wounded.
The quokka closely misses you.
You scratch the quokka.
You kill the quokka!
Trog accepts your kill.
You see here a quokka corpse.
Found a spear.
A hobgoblin comes into view.
Found 16 gold pieces.
You see here 5 gold pieces.
You now have 23 gold pieces (gained 5).
You scratch the hobgoblin.
You kill the hobgoblin!
Trog accepts your kill.
Found 13 gold pieces.
You now have 39 gold pieces (gained 16).
A rat comes into view.
A hobgoblin comes into view.
The hobgoblin shouts!
The rat misses you.
You scratch the rat but do no damage. The rat closely misses you.
You closely miss the rat. The rat completely misses you.
You closely miss the rat. The hobgoblin hits you.
You barely miss the rat. The rat misses you. The hobgoblin hits you.
Ouch! That really hurt!
* * * LOW HITPOINT WARNING * * *
You claw the rat!
You kill the rat!
Trog accepts your kill. The hobgoblin closely misses you.
You barely miss the hobgoblin. The hobgoblin hits you.
You die...

........#######.#....#
.................#
.................#
#######..........#
#..........#
#....).....#
######...........#
#..............#.#
#.....@.########.#
#.....†g# ..
......$..# #..
.........# ..#
...####... ... #....
.. #.... #.....


You could see a hobgoblin.

Vanquished Creatures
  A hobgoblin (D:1)
  A quokka (D:1)
  A rat (D:1)
3 creatures vanquished.

Notes
Turn   | Place    | Note
-------+----------+-------------------------------------------
     0 | D:1      | snetch the Felid Berserker began the quest for the Orb.
     0 | D:1      | Reached XP level 1. HP: 10/10 MP: 2/2
    63 | D:1      | Slain by a hobgoblin

Illustrated notes

Levels and vault maps discovered:
D:1:      noname_arrival_rooms_in_the_neighbourhood, layout_basic,
          basic_ecumenical_altar

Action                   || total
-------------------------++-------
Melee: Unarmed           ||     9
       Bite              ||     1
Dodge: Dodged            ||     6

Table legend: (Time is in decaauts)
 A = Elapsed time spent in this place.
 B = Non-inter-level travel time spent in this place.
 C = Inter-level travel time spent in this place.
 D = Time resting spent in this place.
 E = Time spent auto-exploring this place.
 F = Levels seen in this place.
 G = Mean time per level.
                   A        B        C        D        E       F      G
               +--------+--------+--------+--------+--------+-----+--------+
         Total |     52 |     52 |      0 |      0 |     25 |   1 |   52.0 |
       Dungeon |     52 |     52 |      0 |      0 |     25 |   1 |   52.0 |
               +--------+--------+--------+--------+--------+-----+--------+

Top non-repeatable levels by time:
     D:1: 52 daAuts
